Map: Blackpink LE

Players

Maru - Winner!

  • Race: Terran Terran
  • Spawn Location: 1:00

Elazer

  • Race: Zerg Zerg
  • Spawn Location: 7:00

Event: WESG 2017 Haikou

VOD

Have the link to the VOD?

Description

Time

  • Played on: March 14, 2018, 1:53 a.m.
  • Length: 10:53

All games in this series

Show
View Real Time Build Order
Export as new Build Order

Maru Terran - Winner!

Build Orders: Reaper Expand, MMM Bio 

Get SALT Encoding   

  12  0:00  SCV  
  13  0:13  SCV  
  14  0:17  Supply Depot  
  14  0:25  SCV  
  15  0:38  SCV  
  15  0:40  Barracks  
  16  0:43  Refinery  
  16  0:50  SCV  
  17  1:02  SCV  
  18  1:15  SCV  
  19  1:27  Orbital Command, Reaper  
  20  1:38  Command Center  
  20  1:49  Barracks  
  20  1:52  SCV  
  21  2:01  Supply Depot  
  21  2:02  Barracks Reactor  
  21  2:05  SCV  
  22  2:11  Refinery  
  22  2:17  SCV  
  23  2:25  Factory  
  23  2:29  SCV  
  24  2:37  Barracks Tech Lab  
  24  2:39  Marine x2  
  24  2:41  SCV  
  27  2:51  Orbital Command  
  27  2:53  SCV  
  27  2:57  Stimpack  
  27  2:58  Marine x2  
  28  3:01  Marine  
  31  3:06  SCV  
  32  3:13  Starport  
  32  3:17  SCV  
  32  3:19  SCV  
  34  3:20  Factory Reactor  
  34  3:23  Marine  
  34  3:25  Marine  
  36  3:31  SCV x2  
  37  3:35  Marine  
  37  3:38  Supply Depot  
  38  3:41  Marine  
  38  3:43  Marine  
  38  3:46  SCV  
  41  3:50  SCV  
  41  3:52  Supply Depot  
  42  3:57  Marine  
  42  3:58  SCV  
  42  3:59  Marine  
  42  4:01  Marine  
  42  4:02  SCV, Medivac x2  
  51  4:05  Factory Tech Lab  
  51  4:09  Supply Depot  
  51  4:14  SCV  
  51  4:15  Marine  
  51  4:16  SCV  
  54  4:17  Marine  
  54  4:19  Marine  
  54  4:22  Supply Depot  
  56  4:26  SCV  
  56  4:28  SCV  
  58  4:33  Marine, Engineering Bay  
  58  4:35  Engineering Bay  
  59  4:39  Marine  
  59  4:40  Marine  
  59  4:42  SCV x2  
  63  4:46  Supply Depot  
  63  4:51  Marine  
  64  4:57  Marine x2  
  69  5:01  Terran Infantry Armor Level 1  
  69  5:03  SCV x2  
  68  5:07  Medivac  
  68  5:09  Marine  
  69  5:15  Marine x2  
  69  5:16  Terran Infantry Weapons Level 1, Command Center  
  69  5:20  Supply Depot  
  71  5:27  Marine  
  75  5:28  Supply Depot  
  75  5:33  SCV, Marine x2  
  75  5:34  Refinery  
  78  5:38  Combat Shields  
  78  5:41  SCV, Medivac  
  78  5:44  Marine  
  79  5:51  Marine x2  
  81  5:58  Barracks  
  81  5:59  Barracks  
  81  6:01  Siege Tank  
  81  6:02  SCV, Marine, Barracks  
  86  6:08  Marine  
  86  6:09  SCV, Marine  
  89  6:14  SCV  
  89  6:15  Refinery  
  90  6:20  Marine, Armory  
  91  6:26  Marine x2  
  91  6:29  Orbital Command  
  91  6:31  SCV x2  
  95  6:33  Siege Tank  
  95  6:38  Marine  
  99  6:44  Marine  
  100  6:48  Barracks Tech Lab, Barracks Reactor  
  100  6:49  Barracks Tech Lab  
  100  6:50  SCV x2  
  102  6:54  Supply Depot  
  102  6:56  Marauder  
  104  7:01  Medivac x2  
  104  7:02  SCV  
  104  7:03  SCV, Orbital Command  
  104  7:08  Marine x3  
  111  7:09  Marauder  
  111  7:15  SCV x2  
  109  7:23  Missile Turret  
  109  7:24  Marine  
  109  7:25  Marauder  
  109  7:27  SCV  
  109  7:29  Marine  
  114  7:30  Terran Infantry Weapons Level 2, Concussive Shells, Supply Depot  
  114  7:35  SCV x2  
  116  7:38  Missile Turret  
  116  7:39  SCV  
  116  7:43  Supply Depot  
  117  7:44  Supply Depot  
  117  7:47  SCV x2  
  117  7:51  SCV  
  120  7:52  Terran Infantry Armor Level 2, Supply Depot  
  120  7:56  Siege Tank  
  125  7:58  Marauder  
  125  8:00  Marine  
  125  8:01  Marine x2  
  125  8:05  Marauder, Marine  
  131  8:06  SCV  
  131  8:15  SCV  
  131  8:17  Marauder  
  131  8:18  Marine  
  134  8:20  SCV  
  134  8:22  Refinery x2  
  134  8:23  Marine x2  
  134  8:24  Marauder, Factory  
  134  8:25  Supply Depot  
  138  8:33  Siege Tank  
  140  8:38  Marauder x2, Marine x2  
  146  8:44  Supply Depot  
  146  8:45  Marauder, Marine x2  
  150  8:49  Supply Depot  
  150  8:55  Marine  
  150  8:56  Supply Depot  
  150  8:59  Marauder  
  150  9:00  Marauder  
  155  9:07  Marauder  
  157  9:12  Siege Tank, Command Center, Factory Tech Lab  
  157  9:14  Supply Depot  
  160  9:21  Marauder  
  160  9:22  Marine  
  160  9:23  Marauder, Marine x2  
  166  9:28  Marauder  
  168  9:32  Siege Tank, Medivac x2  
  172  9:43  Marauder, Marine x2  
  172  9:44  Marauder  
  177  9:46  Marine  
  177  9:49  Marauder  
  176  9:54  Marine  
  160  10:01  Marine  
  160  10:02  Medivac x2  
  160  10:05  Marauder, SCV  
  160  10:06  SCV x2, Marauder  
  160  10:07  Marine x2  
  172  10:11  Marauder  
  170  10:16  Marine  
  170  10:18  Marine  
  170  10:24  Marine  
  170  10:25  Marine  
  170  10:26  Marauder  
  170  10:27  Marauder  
  176  10:32  Marine  
  176  10:34  Marine  
Show
View Real Time Build Order
Export as new Build Order

Elazer Zerg 

Build Orders: Hatch First 

Get SALT Encoding   

  12  0:01  Drone  
  13  0:12  Overlord  
  13  0:17  Drone  
  14  0:30  Drone x2  
  16  0:47  Hatchery  
  15  0:51  Drone  
  15  0:54  Drone  
  17  1:07  Spawning Pool  
  17  1:10  Drone  
  17  1:12  Extractor  
  17  1:15  Drone  
  17  1:19  Drone  
  18  1:28  Drone  
  19  1:38  Drone  
  20  1:50  Overlord  
  20  1:54  Queen  
  20  1:59  Zergling x2, Queen  
  20  2:00  Zergling x2  
  26  2:10  Drone  
  26  2:11  Drone  
  28  2:21  Drone x2  
  30  2:31  Queen  
  31  2:37  Overlord  
  31  2:38  Queen  
  33  2:45  Drone x2  
  35  2:56  Overlord  
  35  2:57  Drone  
  35  2:58  Drone  
  37  3:02  Drone  
  37  3:03  Drone  
  37  3:04  Drone x2  
  41  3:06  Drone  
  41  3:10  Lair  
  42  3:13  Drone  
  43  3:22  Drone  
  44  3:29  Hatchery  
  44  3:30  Overlord  
  44  3:33  Drone  
  44  3:40  Roach Warren, Drone  
  44  3:42  Drone  
  44  3:46  Queen  
  47  3:49  Drone  
  47  3:53  Overlord  
  47  3:54  Drone  
  49  3:55  Drone  
  49  4:00  Extractor, Drone  
  49  4:01  Extractor, Drone  
  50  4:11  Drone  
  50  4:12  Evolution Chamber  
  50  4:18  Drone x2  
  50  4:20  Roach x4  
  50  4:23  Glial Reconstitution  
  60  4:30  Drone x3, Spore Crawler  
  62  4:32  Overseer  
  62  4:38  Zerg Ground Armor Level 1  
  62  4:39  Drone  
  62  4:43  Drone  
  66  4:45  Drone x2  
  66  4:47  Drone x2  
  66  4:50  Drone  
  66  4:51  Drone  
  70  4:53  Drone  
  70  4:56  Overlord  
  71  5:01  Roach  
  71  5:05  Overlord  
  73  5:08  Overlord  
  73  5:17  Overlord x2  
  73  5:18  Evolution Chamber  
  72  5:26  Roach  
  74  5:29  Roach x4  
  74  5:34  Overlord  
  82  5:37  Roach x5  
  82  5:39  Drone  
  82  5:40  Drone  
  94  5:44  Zerg Missile Weapons Level 1, Tunneling Claws  
  94  5:45  Drone  
  95  5:50  Burrow  
  95  5:51  Overlord  
  95  5:55  Drone x4  
  99  5:58  Drone x2  
  99  6:01  Extractor  
  99  6:02  Overlord  
  100  6:04  Overlord  
  100  6:13  Overlord  
  100  6:16  Roach x3  
  106  6:20  Extractor  
  106  6:21  Drone x6  
  106  6:25  Roach x3  
  117  6:30  Overlord  
  117  6:32  Roach x3  
  123  6:36  Overlord  
  123  6:42  Zerg Ground Armor Level 2  
  123  6:45  Drone  
  124  6:47  Extractor, Drone  
  124  6:48  Drone x2  
  126  6:54  Hatchery  
  126  6:55  Ravager x2  
  126  7:00  Roach x3  
  129  7:09  Overlord  
  129  7:10  Roach x4  
  129  7:12  Roach x2  
  129  7:15  Roach x8  
  132  7:23  Roach x2  
  132  7:27  Roach x8, Overlord x2  
  136  7:35  Roach x4  
  144  7:38  Overlord  
  144  7:39  Zerg Missile Weapons Level 2, Overlord  
  144  7:43  Infestation Pit  
  143  7:49  Roach x8  
  159  7:54  Queen  
  159  7:56  Drone x4  
  159  7:57  Roach x8  
  165  8:08  Drone x2  
  165  8:09  Extractor, Overlord  
  166  8:19  Overlord  
  162  8:22  Overlord  
  162  8:25  Overlord  
  158  8:27  Hive  
  158  8:28  Spire  
  158  8:29  Overlord  
  158  8:32  Drone x5  
  158  8:33  Roach  
  158  8:34  Roach x3  
  164  8:35  Ravager x5  
  164  8:37  Roach  
  169  8:43  Ravager x2  
  169  8:44  Roach  
  173  8:49  Roach  
  173  8:50  Roach x3  
  181  9:06  Roach x9  
  199  9:13  Overseer  
  199  9:26  Ravager  
  199  9:28  Hatchery  
  189  9:42  Roach x11  
  189  9:46  Ravager x6  
  147  10:00  Roach  
  147  10:01  Roach x10  
  147  10:03  Roach x2  
  147  10:06  Roach x2  
  172  10:12  Roach  
  172  10:13  Roach x4  
  174  10:15  Roach  
  174  10:16  Roach  
  174  10:20  Roach x3  
  174  10:21  Roach  
  179  10:23  Roach x2  
  179  10:28  Roach x4  
Tags
 
Add a new tag
Caveats
  • Supply blocks, unpowered buildings, or Contaminate may cause inaccurate times.
  • Supply counts are checked every 10 seconds.